 Dungeon Crawl Stone Soup version 0.13-a0-3016-gcb2faac (webtiles) character file.

265 Malachi the Covered (level 4, -1/35 HPs)
             Began as a Djinni Fighter on Sept 12, 2013.
             Succumbed to poison (a potion of poison)
             ... on Level 3 of the Dungeon.
             The game lasted 00:05:41 (2620 turns).

Malachi the Covered (Djinni Fighter)                Turns: 2620, Time: 00:05:41

HP  -1/35        AC 16     Str 23      XL: 4   Next: 81%
MP   0/0         EV  0     Int  8      God:
Gold 141         SH 20     Dex 12      Spells:  0 memorised,  3 levels left

Res.Fire  : + + +   See Invis. : .   a - +1,+0 falchion
Res.Cold  : x . .   Warding    : .   s - +0 crystal plate armour
Life Prot.: + + +   Conserve   : .   c - +0 shield
Res.Poison: .       Res.Corr.  : .   (no helmet)
Res.Elec. : .       Clarity    : .   (no cloak)
Sust.Abil.: . .     Spirit.Shd : .   (no gloves)
Res.Mut.  : .       Stasis     : .   (boots unavailable)
Res.Rott. : .       Flight     : .   (no amulet)
Saprovore : . . .                    (no ring)
                                     (no ring)

@: invisible, mighty, very poisoned, slowed, very slow, slightly resistant to
hostile enchantments, extremely unstealthy
A: fire immunity, cold vulnerability, life protection 3
a: no special abilities


You were on level 3 of the Dungeon.
You were not hungry.

You visited 1 branch of the dungeon, and saw 4 of its levels.

You collected 121 gold pieces.

Inventory:

Hand weapons
 a - a +1,+0 falchion (weapon)
Missiles
 n - 15 poisoned needles
Armour
 b - a +1 scale mail
 c - a +0 shield (worn)
 s - a +0 crystal plate armour (worn)
Magical devices
 g - a wand of draining (6) {unknown}
 m - a wand of polymorph (16)
Scrolls
 e - a scroll of magic mapping
 f - a scroll of blinking
 p - 2 scrolls of remove curse
 u - a scroll of noise
Jewellery
 j - an uncursed ring of ice
Potions
 l - a potion of restore abilities {unknown}
 t - a potion of resistance {unknown}
 v - a potion of speed {unknown}


   Skills:
 + Level 3.2 Fighting
 + Level 2.4 Long Blades
 + Level 4.3 Armour
 + Level 1.0 Dodging
 + Level 0.1 Stealth
 + Level 3.9 Shields


You had 3 spell levels left.
You didn't know any spells.

Dungeon Overview and Level Annotations

Branches:
Dungeon (4/27)
 Temple: D:4-7

Altars:
Trog
Yredelemnul
the Shining One


Innate Abilities, Weirdness & Mutations

You are immune to all types of fire, even holy and hellish.
You are vulnerable to cold.
You need no food.
You have no legs.
You are immune to negative energy.


Message History

That liquid tasted very nasty...
You are more poisoned.
It was a potion of poison.
* * * LOW HITPOINT WARNING * * *
You feel very sick. You block the orc wizard's attack.
The orc priest's eyes start to glow.
The orc wizard hits you but does no damage.
The orc priest hits you but does no damage.
Drink which item? (? for menu, Esc to quit)
You feel very mighty all of a sudden.
It was a potion of might.
* * * LOW HITPOINT WARNING * * *
You feel sick.
The orc wizard hits you but does no damage.
You block the orc wizard's attack.
The orc priest hits you but does no damage.
Drink which item? (? for menu, Esc to quit)
You fade into invisibility!
It was a potion of invisibility.
You die...

###############
#.............#
#.###########.#
#.#.........#.#
..#.#######.#.#
.........<#.#.####
..........#.#..o@#
..........#.#.##o#
..........#.#.##.#
#+#.#####.#.#.##.#
..#.....#.#.#.##.#
..#..##.#.#.#....#
..#.......#.#.#..#
..#...........#..#
.................#


You could see an orc priest and an orc wizard.

Vanquished Creatures
  A scorpion (D:3)
  An adder (D:2)
  2 worms (D:3)
  A giant mite (D:3)
  3 giant geckos
  2 oozes (D:1)
  2 orcs (D:3)
  2 ball pythons
  11 bats
  2 giant cockroaches
  10 goblins
  4 hobgoblins
  4 jackals (D:2)
  A quokka (D:3)
  5 giant newts
  8 kobolds
  8 rats
67 creatures vanquished.

Notes
Turn   | Place    | Note
--------------------------------------------------------------
     0 | D:1      | Malachi, the Djinni Fighter, began the quest for the Orb.
     0 | D:1      | Reached XP level 1. HP: 16/16 MP: 0/0
    99 | D:1      | Reached XP level 2. EP: 22/22
   460 | D:1      | Reached XP level 3. EP: 27/29
   876 | D:2      | Reached skill level 4 in Armour
  1638 | D:3      | Reached XP level 4. EP: 21/35
  1928 | D:3      | Found a bloodstained altar of Trog.
  2160 | D:3      | Found a glowing golden altar of the Shining One.
  2169 | D:3      | Reached skill level 1 in Dodging
  2508 | D:3      | Found a basalt altar of Yredelemnul.
  2619 | D:3      | HP: 1/35 [poison (a potion of poison)]
  2620 | D:3      | Succumbed to poison (a potion of poison)

Action                   |  1- 3 |  4- 6 || total
-------------------------+-------+-------++-------
Melee: Falchion          |   197 |    80 ||   277
Evoke: Wand              |     1 |       ||     1
  Use: Scroll            |       |    12 ||    12
       Potion            |       |     5 ||     5
